 Dungeon Crawl Stone Soup version 0.29.1-15-g9cfb28693d (webtiles) character file.

Game seed: 8531610354025107192

63 Gabide the Trooper (level 3, 0/23 HPs)
             Began as a Vampire Fighter on Apr 27, 2023.
             Slain by an ufetubus (3 damage)
             ... on level 3 of the Dungeon.
             The game lasted 00:03:20 (1860 turns).

Gabide the Trooper (Vampire Fighter)                Turns: 1860, Time: 00:03:21

Health: 0/23       AC:  0    Str: 15 (17) XL:     3   Next: 89%
Magic:  3/3        EV: 17    Int:  8 (10) God:
Gold:   115        SH:  0    Dex: 17 (18) Spells: 2/2 levels left

rFire   . . .      SeeInvis +     - Unarmed
rCold   + + .      Faith    .   (shield currently unavailable)
rNeg    + + +      Spirit   .   (body armour currently unavailable)
rPois   ∞          Reflect  .   (helmet currently unavailable)
rElec   .          Harm     .   (cloak currently unavailable)
rCorr   .          Rampage  .   (gloves currently unavailable)
Will    .....                   (boots currently unavailable)
Stlth   ++++......              (no amulet)
HPRegen 0.00/turn               (ring currently unavailable)
MPRegen 0.08/turn               (ring currently unavailable)

@: about to teleport, bat-form, flying, bloodless, inhibited regen, very quick
A: fast, flying, no casting, tiny, bloodless, fangs 3, see invisible, vampiric 2
a: Revivify, End Transformation


You were on level 3 of the Dungeon.
You were a vampire bat.
You visited 1 branch of the dungeon, and saw 3 of its levels.

You collected 115 gold pieces.

Inventory:

Missiles
 c - 4 boomerangs of dispersal (quivered)
Armour
 a - a +0 scale mail (melded)
 b - a +0 buckler (melded)
 g - a +0 helmet (melded)
Jewellery
 d - a ring of protection from cold (melded)
Scrolls
 l - 2 scrolls of teleportation
 n - a scroll of amnesia {unknown}
Potions
 e - a potion of magic
 f - 2 potions of flight
 h - a potion of attraction {unknown}
 i - a potion of resistance {unknown}
 j - 3 potions of curing {unknown}
 k - a potion of invisibility {unknown}
 m - a potion of haste {unknown}


   Skills:
 + Level 3.6 Fighting
 - Level 2.4 Armour
 - Level 2.6 Shields
 + Level 3.6 Unarmed Combat


You had 2 spell levels left.
You didn't know any spells.
Your spell library contained the following spells:

 Spells                   Type           Power      Damage    Failure   Level
 Magic Dart               Conj           0%         1d3       41%         1
 Searing Ray              Conj           0%         2d4       54%         2
 Gell's Gravitas          Tloc           0%         N/A       78%         3
 Lesser Beckoning         Tloc           0%         N/A       78%         3
 Teleport Other           Tloc           0%         N/A       78%         3
 Fulminant Prism          Conj/Hex       0%         3d6       99%         4


Dungeon Overview and Level Annotations

Branches:
Dungeon (3/15)

Altars:


Innate Abilities, Weirdness & Mutations

You are a vampire bat.
You are tiny and dextrous.
You move quickly.
You are flying.
You are immune to poison.
Your equipment is almost entirely melded.
You are incapable of wielding weapons or throwing items.
You cannot cast spells.
You do not regenerate when monsters are visible.
You are frail without blood (-20% HP).
You can heal yourself when you bite living creatures.
You are immune to poison.
You have razor-sharp teeth.
You have supernaturally acute eyesight. (SInv)
You are afflicted with vampirism and can become a bat while bloodless.


Message History

An ufetubus is nearby!
You see here a scroll of teleportation.
The helpless ufetubus fails to defend itself.
You hit the ufetubus but do no damage. Your bite misses the ufetubus.
The ufetubus closely misses you. x2
You hit the ufetubus.
The ufetubus is moderately wounded.
The ufetubus hits you. The ufetubus closely misses you.
The ufetubus completely misses you. The ufetubus closely misses you.
You closely miss the ufetubus.
The ufetubus is moderately wounded.
The ufetubus barely misses you. The ufetubus hits you.
You hit the ufetubus.
The ufetubus is moderately wounded.
The ufetubus barely misses you. The ufetubus hits you.
You hit the ufetubus but do no damage.
The ufetubus is moderately wounded.
The ufetubus hits you. The ufetubus barely misses you.
The ufetubus closely misses you. The ufetubus hits you.
You are too injured to fight recklessly!
You are too injured to fight recklessly!
You are too injured to fight recklessly!
You are too injured to fight recklessly!
You are too injured to fight recklessly!
You are too injured to fight recklessly!
An ufetubus is nearby!
You hit the ufetubus but do no damage.
The ufetubus is moderately wounded.
The ufetubus misses you. The ufetubus hits you.
* * * LOW HITPOINT WARNING * * *
Okay, then.
You see here a scroll of teleportation.
Press: ? - help, v - describe, . - travel
Here: an ufetubus (moderately wounded)
The floor.
Unknown command.
Okay, then.
As you read the scroll of teleportation, it crumbles to dust.
You feel strangely unstable. The ufetubus hits you.
You die...

#.##########.##
# #.# #.# # #.#
#.## # #†# #..#
# #)# ##.#
####.# #.#
##...# #.#
##.### #.# ##.#
#b# ##.# #5#
...# #.# ####
#.# ### #?# ..#
#.# #.# #.# #.#
#.# #.# #.#


You could see an ufetubus.

Vanquished Creatures
  2 adders
  A worm (D:2)
  A dart slug (D:1)
  3 orcs (D:3)
  2 bats
  2 endoplasms (D:1)
  2 giant cockroaches
  5 goblins
  A hobgoblin (D:1)
  2 jackals (D:1)
  4 kobolds
  2 quokkas
  2 ball pythons
  2 frilled lizards
  3 rats
34 creatures vanquished.

Notes
Turn   | Place    | Note
-------+----------+-------------------------------------------
     0 | D:1      | Gabide the Vampire Fighter began the quest for the Orb.
     0 | D:1      | Reached XP level 1. HP: 17/17 MP: 1/1
   346 | D:1      | Found a faded altar of an unknown god.
   378 | D:1      | Reached XP level 2. HP: 4/24 MP: 2/2
   982 | D:2      | Gained mutation: You are afflicted with vampirism and can
                  | become a bat while bloodless. [Vampire growth]
   982 | D:2      | Reached XP level 3. HP: 29/29 MP: 3/3
  1130 | D:2      | Identified the +0 ring mail "Fapit" {rF+ rC+ rN+ Int-3}
  1860 | D:3      | Slain by an ufetubus

Illustrated notes

Levels and vault maps discovered:
D:1:      minmay_arrival_hallway, layout_basic, ebering_ecumenical_altar_hall
D:2:      layout_basic
D:3:      layout_loops_ring, lemuel_coloured_pillars_altar

Skill      XL: |  1  2 |
---------------+-------+-----
Fighting       | 3 |  3.6
Unarmed Combat | 3 |  3.6
Armour         | |  2.4
Shields        | |  2.6

Action                   || total
-------------------------++-------
Melee: Unarmed           ||   132
       Bite              ||     9
Throw: Boomerang         ||     1
 Abil: Bat Form          ||     1
       Exsanguinate      ||     1
  Use: Potion            ||     1
       Scroll            ||     4
 Stab: Sleeping          ||     9
       Distracted        ||     1
Armor: Scale mail        ||    33
Dodge: Dodged            ||    61
Block: Buckler           ||    19
